TKirby, lawful female human Samurai ###################`----- ------- # #|...| |.....| ---------------- u #....| ##......| |..............-###########@ ###--|-- # |.....| |..............| # # ######### -----.- |...............###%######## ### # # |..............| # ### ### -.----|--------- ### # # # ## # ### ### # # # # # # ### # ########## # # ------# -+----.---.--- # # |.....# |............| ### # |....|### |............| # # |....|# # |............| ------.-----|-- |....|# ####%##......)<.....| |.............| |....|# ------------|- |.........|...| |.....# # --------------- ------ TKirby the Ronin Experience level: 3 Strength: 14 Dexterity: 18 Constitution: 18 Intelligence: 9 Wisdom: 10 Charisma: 6 Health: 0(33) Energy: 10(10) Def: 6 Gold: 475 Moves: 1545 Dungeon seed: gkLGF6-WM6aaVSK1 Game ID: TKirby_1504811795 Your Inventory: Coins $ - 475 gold pieces Weapons a - a +0 katana (weapon in hand) b - a +0 wakizashi (alternate weapon; not wielded) c - a +0 yumi d - 42 blessed +0 ya (in quiver) Armor e - an uncursed rustproof +0 splint mail (being worn) n - an uncursed +0 dwarvish iron helm Comestibles o - an uncursed tripe ration p - 2 uncursed eucalyptus leaves Scrolls f - a blessed scroll of magic mapping Potions j - a cursed potion of invisibility Tools m - an uncursed blindfold r - an uncursed bell Gems q - an uncursed worthless piece of orange glass Spells and supernatural/magical abilities: Name Level Category Fail Memory W - pray for help -- divine ? -- Your skills at the end: Fighting Skills martial arts [Basic] Weapon Skills short sword [Basic] long sword [Basic] bow [Basic] Spellcasting Skills Final Attributes: You were piously aligned. You were fast. You were lucky. You are dead. Vanquished creatures: a giant ant a giant bat a werejackal 2 giant rats a yellow mold a red mold a gecko 6 jackals a fox 2 kobolds a goblin 5 grid bugs a lichen 3 newts 27 creatures vanquished. Voluntary challenges: You were vegetarian. You were an atheist. You used a wielded weapon 34 times, starting on turn 1. You read items or engraved 1 time, starting on turn 1032. You never genocided any monsters. You never polymorphed an object. You never changed form. You used no wishes. You never split a pudding. You never wrote Elbereth's name. You never violated your personal moral code. Dungeon overview: The Dungeons of Doom: levels 1 to 5 Level 1 a fountain a long staircase Level 2 a fountain Level 3 a fountain a long staircase Level 4 a general store, a fountain Level 5 <- You were here History has recorded: On T:1 you entered the Dungeons of Doom to retrieve the Amulet of Yendor! On T:375 you reached level 2 of The Dungeons of Doom. On T:602 you reached level 3 of The Dungeons of Doom. On T:657 you advanced to experience level 2. On T:957 you reached level 4 of The Dungeons of Doom. On T:1196 you advanced to experience level 3. On T:1292 you reached level 5 of The Dungeons of Doom. Score breakdown: Gold: 475 ( 9108 points) Experience: 3 levels ( 7878 points) Exploration: 5 levels ( 10.42%) ( 8751 points) Discoveries: 2 items ( 0.81%) ( 2705 points) Valuables value: (no points given unless you survive) Artifact value: 0 ( 0 points) Variety of kills: 14 monsters ( 3.67%) ( 5750 points) Turncount: 1545 turns ( 0 points) Survival: died (score multiplied by 80%) Total score: 27353 Latest messages: The giant ant bites! (2x) You miss the giant ant. The giant ant bites! You hit the giant ant. The giant ant misses. You miss the giant ant. The giant ant bites! You miss the giant ant. The giant ant bites! You hit the giant ant. The giant ant bites! (2x) You displace star. (2x) The giant ant bites! The giant ant misses. You kill the giant ant! You see here a giant ant corpse. The pony kicks! The pony bites! You hit the pony. The pony kicks! The pony bites! You die... Final status: Sayonara TKirby the Samurai, killed by a pony... You died in The Dungeons of Doom on dungeon level 5 with 27353 points, and 475 pieces of gold, after 1545 moves. You were level 3 with a maximum of 33 hit points when you died.